 Dungeon Crawl Stone Soup version 0.15.2 (webtiles) character file.

95 HiobMontag the Skirmisher (level 4, -9/41 HPs)
             Began as a Hill Orc Fighter on Dec 12, 2014.
             Was an Initiate of Beogh.
             Killed from afar by Ijyb (22 damage)
             ... with a wand of fire
             ... on Level 3 of the Dungeon.
             The game lasted 00:05:27 (1881 turns).

HiobMontag the Skirmisher (Hill Orc Fighter)        Turns: 1881, Time: 00:05:27

HP  -9/41        AC 13     Str 19      XL: 4   Next: 65%
MP   4/4         EV  5     Int  8      God: Beogh [......]
Gold 142         SH  9     Dex 10      Spells:  0 memorised,  3 levels left

rFire  . . .     SeeInvis .     h - +2 spear (venom)
rCold  . . .     Clarity  .     g - +0 chain mail
rNeg   . . .     rCorr    .     c - +0 shield
rPois  .         rRot     .     (no helmet)
rElec  .         Spirit   .     q - +0 cloak
SustAb .         Warding  .     l - +0 pair of gloves
rMut   .         Stasis   .     k - +0 pair of boots
Gourm  .                        (no amulet)
MR     .....                    (no ring)
                                (no ring)

@: not resistant to hostile enchantments, extremely unstealthy
A: no striking features
a: Renounce Religion


You were on level 3 of the Dungeon.
You worshipped Beogh.
Beogh was noncommittal.
You were not hungry.

You visited 1 branch of the dungeon, and saw 3 of its levels.

You collected 142 gold pieces.

Inventory:

Hand weapons
 h - a +2 spear of venom (weapon)
Armour
 c - a +0 shield (worn)
 g - a +0 chain mail (worn)
 k - a +0 pair of boots (worn)
 l - a +0 pair of gloves (worn)
 q - a +0 cloak (worn)
Magical devices
 p - a wand of frost (7)
Comestibles
 d - 4 meat rations
 j - 2 bread rations
 r - 2 rotting chunks of gnoll flesh
Scrolls
 a - 4 scrolls of identify
 b - a scroll of amnesia {unknown}
Potions
 e - a potion of might
 f - 3 potions of agility {unknown}
 i - a potion of heal wounds {unknown}
 m - a potion of curing {unknown}
 n - a potion of restore abilities {unknown}
 o - a potion of poison {unknown}


   Skills:
 + Level 4.4 Fighting
 + Level 2.6 Polearms
 + Level 4.1 Armour
 + Level 1.2 Dodging
 + Level 3.8 Shields


You had 3 spell levels left.
You didn't know any spells.

Dungeon Overview and Level Annotations

Branches:
Dungeon (3/15)

Altars:
Dithmenos

Annotations:
D:3 Ijyb


Message History

You hit Ijyb.
Ijyb is lightly wounded.
Ijyb hits you but does no damage.
You closely miss Ijyb.
Ijyb is lightly wounded.
Ijyb zaps a wand.
The bolt of fire hits you!
You closely miss Ijyb.
Ijyb is lightly wounded.
The goblin barely misses you.
Ijyb zaps a wand.
The bolt of fire hits you!
Drink which item? (? for menu, Esc to quit)
Okay, then.
Read which item? (? for menu, Esc to quit)
Okay, then.
Read which item? (? for menu, Esc to quit)
Okay, then.
Ijyb zaps a wand.
The bolt of fire hits the goblin.
The goblin dies!
The bolt of fire hits you!
Ouch! That really hurt!
You die...

#..######## #.#.
#..8.8.8.8 #.#.
#.......... #.## #
#.........? #... #.
#...(...... #### #.#
#..g......!# #
##..##..........### ##
####....#.)8.8.8.8.#.####.
........!@.#########.'....
###.....#)##.........####.
#?#..##.# #.......## ## #
#.# #.# ##.....## # #.#.#
#.# ##...## #.#.###.#
##'## #.......# #.#
####.##### #.# #......#
###.#####


You could see Ijyb.

Vanquished Creatures
  Crazy Yiuf (D:2)
  2 giant mites
  2 worms (D:2)
  An ooze (D:1)
  2 giant cockroaches (D:1)
  10 goblins
  2 hobgoblins
  3 jackals (D:1)
  6 kobolds
  A ball python (D:1)
  6 bats
  A giant gecko (D:3)
  2 rats
  A fungus (D:2)
40 creatures vanquished.

Vanquished Creatures (others)
  An orc (D:3)
  A goblin (D:3)
2 creatures vanquished.

Grand Total: 42 creatures vanquished

Notes
Turn   | Place    | Note
--------------------------------------------------------------
     0 | D:1      | HiobMontag, the Hill Orc Fighter, began the quest for the Orb.
     0 | D:1      | Reached XP level 1. HP: 19/19 MP: 1/1
    23 | D:1      | Reached skill level 4 in Fighting
    23 | D:1      | Reached XP level 2. HP: 20/27 MP: 2/2
   438 | D:1      | Reached XP level 3. HP: 33/33 MP: 3/3
  1131 | D:2      | Found a shadowy altar of Dithmenos.
  1479 | D:2      | Noticed Crazy Yiuf
  1489 | D:2      | Killed Crazy Yiuf
  1489 | D:2      | Reached skill level 1 in Dodging
  1489 | D:2      | Reached XP level 4. HP: 41/41 MP: 4/4
  1564 | D:3      | Became a worshipper of Beogh the Brigand
  1847 | D:3      | Noticed Ijyb
  1881 | D:3      | Killed from afar by Ijyb

Action                   |  1- 3 |  4- 6 || total
-------------------------+-------+-------++-------
Melee: Trident           |    68 |       ||    68
       Spear             |    47 |    32 ||    79
Invok: Convert to Beogh  |       |     1 ||     1
  Use: Scroll            |     1 |       ||     1
  Eat: Chunk             |     1 |     2 ||     3
